 Dungeon Sprint DCSS version 0.14-a0-3350-g14ab857 (webtiles) character file.

718 BluebellGnoll the Unseen (level 7, -5/48 HPs)
             Began as a Spriggan Enchanter on Mar 18, 2014.
             Was an Elder of Makhleb.
             Slain by a spriggan
             ... wielding a +2,+2 dagger of freezing
              (6 damage)
             ... in the Dungeon (Sprint V: "Ziggurat Sprint").
             The game lasted 00:07:43 (431 turns).

BluebellGnoll the Unseen (Spriggan Enchanter)        Turns: 431, Time: 00:07:44

HP  -5/48        AC  3     Str 15      XL: 7   Next: 42%
MP  12/28        EV 18     Int 29      God: Makhleb [****..]
Gold 0           SH  0     Dex 17      Spells:  6 memorised, 10 levels left

rFire  . . .     SeeInvis +     a - +5 quick blade (curse)
rCold  . . .     Clarity  .     b - +1 robe (curse)
rNeg   . . .     Conserve .     (shield restricted)
rPois  .         rCorr    .     (helmet restricted)
rElec  .         rRot     .     (no cloak)
SustAb . .       Spirit   .     (gloves unavailable)
rMut   .         Warding  .     (boots unavailable)
Saprov . . .     NoTele   +     (no amulet)
MR     +....                    r - cursed +6 ring of intelligence
                                t - cursed +6 ring of strength

@: invisible, mighty, brilliant, berserking, studying Dodging, very slightly
contaminated, very quick, somewhat resistant to hostile enchantments, extremely
unstealthy
A: unfitting armour, see invisible, herbivore 3, speed 3, slow metabolism 2
a: Minor Destruction, Lesser Servant of Makhleb, Major Destruction, Renounce
Religion


You were in the Dungeon.
You worshipped Makhleb.
Makhleb was greatly pleased with you.
You were very full.

You visited 1 branch

Inventory:

Hand weapons
 a - a cursed +5,+5 quick blade (weapon)
Armour
 b - a cursed +1 robe (worn)
 p - the +4 robe of Night {+Inv MR+ SInv Stlth+}
   (You found it in the Dungeon)

   It affects your resistance to hostile enchantments.
   It enhances your eyesight.
   It lets you turn invisible.
   It makes you much more stealthy.
Magical devices
 l - a wand of disintegration (5)
 m - a wand of fire (4)
 n - a wand of cold (5)
Comestibles
 d - 4 bread rations
Scrolls
 k - a scroll of blinking
 y - 4 scrolls of amnesia
 D - 3 scrolls of recharging
 E - 7 scrolls of fog
 F - a scroll of holy word
 G - 5 scrolls of identify
 H - a scroll of remove curse
Jewellery
 r - a cursed +6 ring of intelligence (right hand)
 s - a +6 ring of intelligence
 t - a cursed +6 ring of strength (left hand)
Potions
 e - a potion of porridge
 f - 5 potions of curing
 g - 9 potions of heal wounds
 h - 6 potions of haste
 i - 7 potions of magic
 j - 2 potions of berserk rage
 v - a potion of brilliance
 w - 2 potions of invisibility
 z - 4 potions of resistance
 B - 3 potions of agility
 C - 2 potions of might
Books
 c - a book of Maledictions

   Spells                             Type                      Level
   *Corona                            Hexes                        1
   *Sure Blade                        Hexes/Charms                 2
   *Ensorcelled Hibernation           Hexes/Ice                    2
   *Confuse                           Hexes                        3
   *Enslavement                       Hexes                        4
   *Invisibility                      Hexes                        6
 o - a manual of Dodging


   Skills:
 - Level 1.1 Short Blades
 - Level 1.1 Throwing
 - Level 3.0 Dodging
 + Level 15.0 Stealth
 - Level 11.2 Spellcasting
 - Level 11.6 Hexes


You had 10 spell levels left.
You knew the following spells:

 Your Spells              Type           Power        Failure   Level  Hunger
a - Corona                Hex            #######      1%          1    None
b - Ensorcelled Hibernat  Hex/Ice        ######       1%          2    None
c - Confuse               Hex            #######.     1%          3    None
d - Sure Blade            Hex/Chrm       ######....   1%          2    None
e - Enslavement           Hex            #######.     1%          4    None
f - Invisibility          Hex            #######.     1%          6    #####..


Dungeon Overview and Level Annotations

Branches:
Dungeon (1/1)

Altars:
Ashenzari
Cheibriados
Dithmenos
Elyvilon
Fedhas
Kikubaaqudgha
Makhleb
Nemelex Xobeh
Okawaru
Sif Muna
Trog
Vehumet
Xom
Yredelemnul
Zin
The Shining One
Beogh
Jiyva
Lugonu


Innate Abilities, Weirdness & Mutations

You are tiny and cannot use many weapons and most armour.
You have supernaturally acute eyesight.
You are a herbivore.
You cover ground extremely quickly.
You need consume almost no food.


Message History

The bond with your blade fades away. The spriggan misses you.
The spriggan completely misses you.
The spriggan hits you but does no damage.
Drink which item? (? for menu, Esc to quit)
A red film seems to cover your vision as you go berserk!
You feel yourself moving faster!
You feel mighty! The spriggan closely misses you.
The spriggan hits you with a short sword.
The spriggan hits you with a dagger of freezing.
The spriggan freezes you. The spriggan blocks your attack.
The spriggan hits you with a cutlass!
* * * LOW HITPOINT WARNING * * *
You slash the spriggan!
The spriggan is moderately wounded.
You slash the spriggan!
The spriggan is severely wounded.
The spriggan hits you with a dagger of freezing!
* * * LOW HITPOINT WARNING * * *
The spriggan freezes you!
You die...

▓.....▓.....▓▓▓▓▓▓▓
▓▓▓▓▓▓▓▓▓▓▓▓▓▓▓▓▓▓▓
▓..8©8...▓..8©8...▓
▓..=)=...▓..[?:...▓
▓...[....▓..[.:...▓
▓........▓........▓
▓........▓...h....▓
▓.▓....▓.▓.▓...i▓.▓
▓........▓.....i@i▓
▓▓▓▓▓▓▓▓▓▓▓▓▓▓▓▓▓▓▓


You could see 3 spriggans and a wolf (confused).

Vanquished Creatures
  An ugly thing (D)
  A water moccasin (D)
  A porcupine (D)
  A spider (shapeshifter) (D)
  2 brain worms (shapeshifter) (D)
  A giant frog (D)
  4 mummies (D)
  2 adders (D)
13 creatures vanquished.

Notes
Turn   | Place    | Note
--------------------------------------------------------------
     0 | D        | BluebellGnoll, the Spriggan Enchanter, began the quest for the Orb.
     0 | D        | Reached XP level 1. HP: 9/9 MP: 4/4
     0 | D        | Found a white marble altar of Elyvilon.
     1 | D        | Found a sparkling altar of Nemelex Xobeh.
     1 | D        | Found a burning altar of Makhleb.
     2 | D        | Found a deep blue altar of Sif Muna.
     2 | D        | Found a bloodstained altar of Trog.
     5 | D        | Found an iron altar of Okawaru.
    12 | D        | Found an ancient bone altar of Kikubaaqudgha.
    14 | D        | Found a basalt altar of Yredelemnul.
    14 | D        | Found a radiant altar of Vehumet.
    26 | D        | Reached skill level 11 in Stealth
    26 | D        | Reached XP level 2. HP: 13/13 MP: 7/7
    30 | D        | Learned a level 2 spell: Ensorcelled Hibernation
    32 | D        | Found a shimmering altar of Xom.
    75 | D        | Became a worshipper of Makhleb the Destroyer
    79 | D        | Entered arena 1.
    79 | D        | Noticed a porcupine
    79 | D        | Noticed a giant frog
    85 | D        | Killed a giant frog
    85 | D        | Reached skill level 5 in Spellcasting
    85 | D        | Reached XP level 3. HP: 16/16 MP: 5/14
   123 | D        | Killed a porcupine
   123 | D        | Reached XP level 4. HP: 5/21 MP: 0/20
   123 | D        | Reached XP level 5. HP: 5/24 MP: 0/22
   129 | D        | Learned a level 3 spell: Confuse
   132 | D        | Learned a level 2 spell: Sure Blade
   137 | D        | Learned a level 4 spell: Enslavement
   358 | D        | Entered arena 2.
   358 | D        | Noticed a water moccasin
   363 | D        | Killed a water moccasin
   363 | D        | Acquired Makhleb's first power
   363 | D        | Reached skill level 14 in Stealth
   363 | D        | Reached XP level 6. HP: 28/28 MP: 24/24
   365 | D        | Reached skill level 15 in Stealth
   368 | D        | Acquired Makhleb's second power
   378 | D        | Learned a level 6 spell: Invisibility
   380 | D        | Entered arena 3.
   388 | D        | Acquired Makhleb's third power
   397 | D        | Identified Ozocubu's Incunabulum of Ice (You found it in the Dungeon)
   400 | D        | Entered arena 4.
   400 | D        | Noticed a spider
   400 | D        | Noticed a purple ugly thing
   400 | D        | Noticed a brain worm
   400 | D        | Noticed a brain worm
   405 | D        | Killed a brain worm
   407 | D        | Killed a purple ugly thing
   407 | D        | Reached skill level 10 in Spellcasting
   407 | D        | Reached skill level 10 in Hexes
   407 | D        | Reached XP level 7. HP: 32/32 MP: 16/28
   408 | D        | Killed a brain worm
   408 | D        | Acquired Makhleb's fourth power
   409 | D        | Killed a spider
   418 | D        | Entered arena 5.
   418 | D        | Noticed a spriggan
   418 | D        | Noticed a spriggan
   418 | D        | Noticed a spriggan
   418 | D        | Noticed a spriggan
   418 | D        | Noticed a wolf
   431 | D        | HP: 1/48 [spriggan/dagger of freezing (11)]
   431 | D        | Slain by a spriggan

Action                   |  1- 3 |  4- 6 |  7- 9 || total
-------------------------+-------+-------+-------++-------
Melee: Quick blade       |     1 |     9 |     5 ||    15
 Cast: Ensorcelled Hiber |     5 |     1 |       ||     6
       Sure Blade        |       |     2 |     1 ||     3
       Invisibility      |       |     1 |       ||     1
       Confuse           |       |       |     2 ||     2
Evoke: Wand              |     1 |     1 |     1 ||     3
  Use: Potion            |     1 |     2 |     2 ||     5
 Stab: Sleeping          |     1 |     9 |     2 ||    12
